 Dungeon Crawl Stone Soup version 0.25.0-10-g039870ee82 (console) character file.

Game seed: 2647944982207234022

757515 Kagalorn the Omniscient (level 27, -8/287 HPs)
             Began as a Gnoll Gladiator on June 20, 2020.
             Was the Champion of Ashenzari.
             Killed from afar by an orb of fire (28 damage)
             ... with a fireball
             ... on level 5 of the Realm of Zot on June 22, 2020.
             The game lasted 04:57:56 (91469 turns).

Kagalorn the Omniscient (Gnoll Gladiator)          Turns: 91469, Time: 04:57:56

Health: -8/287     AC: 35    Str: 21    XL:     27
Magic:  45/45      EV: 29    Int: 16    God:    Ashenzari [******]
Gold:   4407       SH: 30    Dex: 14    Spells: 21/63 levels left

rFire    + + .     SeeInvis +   a - +9 double sword (vamp)
rCold    + + .     Gourm    .   L - +2 tower shield (curse)
rNeg     + + .     Faith    .   (armour currently unavailable)
rPois    ∞         Spirit   .   E - +2 hat {MR+} (curse)
rElec    +         Reflect  +   w - +2 cloak of the Thief {+Fog Slay-2 SInv Stlth+} (curse)
rCorr    .         Harm     .   (gloves currently unavailable)
MR       +++..     Clarity  +   (boots currently unavailable) Stlth +++.......Rnd*Tele +
                                p - amulet of reflection (curse)
HPRegen  0.00/turn              l - ring of protection from cold (curse)
MPRegen  0.29/turn              H - ring of Contentment {rPois rF+ rC+ rN+} (curse)

@: statue-form, very slightly contaminated, invisible, very slow
A: distributed training, fangs 1, horns 1, repulsion field 1, berserk 1, blurry
vision 1, clumsy 1, deformed body, dopey 1, fire resistance 1, inhibited
regeneration, teleportitis 1, weak 1, subdued magic 1, strong nose
0: Orb of Zot
}: 5/15 runes: decaying, serpentine, slimy, silver, abyssal
a: End Transformation, Curse Item, Scrying, Renounce Religion, Evoke Fog


You were on level 5 of the Realm of Zot.
You worshipped Ashenzari.
Ashenzari was exalted by your worship.
You were hungry.
You were a stone statue.
You visited 12 branches of the dungeon, and saw 56 of its levels.
You visited the Abyss 1 time.

You collected 11439 gold pieces.
You spent 7032 gold pieces at shops.

Inventory:

Hand Weapons
 a - a +9 vampiric double sword (weapon)
 b - a +5 eudemon blade of holy wrath
Missiles
 d - 6 throwing nets
 v - 16 curare-tipped darts (quivered)
Armour
 w - the cursed +2 cloak of the Thief (worn) {+Fog Slay-2 SInv Stlth+}
   (You found it on level 5 of the Pits of Slime)

   It affects your accuracy and damage with ranged weapons and melee attacks
   (-2).
   It lets you see invisible.
   It makes you more stealthy.
   It has a curse placed upon it.
 E - a cursed +2 hat of magic resistance (worn)
 K - a cursed +2 pair of gloves (melded)
 L - a cursed +2 tower shield (worn)
 V - cursed +5 fire dragon scales (melded)
 Z - the cursed +3 pair of boots of a bailey (melded) {*Contam Int+8}
   (You bought it in a shop on level 3 of the Vaults)

   It affects your intelligence (+8).
   It causes magical contamination when unequipped.
   It has a curse placed upon it.
Jewellery
 e - an uncursed ring of protection from cold
 l - a cursed ring of protection from cold (left hand)
 p - a cursed amulet of reflection (around neck)
 x - an uncursed ring of ice
 C - an uncursed ring of flight
 H - the cursed ring of Contentment (right hand) {rPois rF+ rC+ rN+}
   (You bought it in a shop on level 2 of the Orcish Mines)

   [ring of poison resistance]

   It protects you from fire.
   It protects you from cold.
   It protects you from poison.
   It protects you from negative energy.
   It has a curse placed upon it.
 O - an uncursed ring of protection from magic
 P - the ring of the Sturgeon {Fire rElec Int+3 Stlth+}
   (You found it on level 11 of the Dungeon)

   [ring of fire]

   It enhances your fire magic.
   It affects your intelligence (+3).
   It protects you from fire.
   It makes you vulnerable to cold.
   It insulates you from electricity.
   It makes you more stealthy.
 U - the ring of Tetuaj {AC+4 Int+5 Dex+3}
   (You bought it in a shop on level 2 of the Orcish Mines)

   [ring of protection]

   It affects your AC (+4).
   It affects your intelligence (+5).
   It affects your dexterity (+3).
 Y - an uncursed ring of resist corrosion
Wands
 z - a wand of iceblast (36)
 J - a wand of digging (25)
 Q - a wand of acid (37)
 R - a wand of clouds (20)
 S - a wand of paralysis (6)
Scrolls
 k - 2 scrolls of silence
 q - 2 scrolls of magic mapping
 r - 13 scrolls of blinking
 s - 10 scrolls of fog
 y - 6 scrolls of remove curse
 B - 9 scrolls of teleportation
 D - 15 scrolls of amnesia
 F - 10 scrolls of fear
 X - 28 scrolls of identify
Potions
 c - 13 potions of flight
 g - a potion of stabbing
 h - a potion of berserk rage
 i - 12 potions of lignification
 j - 13 potions of brilliance
 n - 2 potions of cancellation
 o - 2 potions of might
 t - 30 potions of curing
 A - 4 potions of invisibility
 G - 7 potions of mutation
 M - 3 potions of ambrosia
 N - 6 potions of magic
 W - 2 potions of haste
Miscellaneous
 m - 5 boxes of beasts
 I - 3 phantom mirrors
Comestibles
 f - 50 rations


   Skills:
 + Level 19.1 Fighting
 + Level 18.7 Short Blades
 + Level 18.7 Long Blades
 + Level 19.4 Axes
 + Level 18.7 Maces & Flails
 + Level 18.7 Polearms
 + Level 18.7 Staves
 + Level 18.7 Slings
 + Level 18.7 Bows
 + Level 18.7 Crossbows
 + Level 19.1 Throwing
 + Level 18.7(22.3) Armour
 + Level 19.4(23.0) Dodging
 + Level 18.7 Stealth
 + Level 18.7(21.0) Shields
 + Level 18.7 Unarmed Combat
 + Level 18.7 Spellcasting
 + Level 16.1(20.0) Conjurations
 + Level 16.1(20.0) Hexes
 + Level 16.1(20.0) Charms
 + Level 16.1(20.0) Summonings
 + Level 16.1(20.0) Necromancy
 + Level 16.1(20.0) Translocations
 + Level 16.1(20.0) Transmutations
 + Level 16.1(20.0) Fire Magic
 + Level 16.1(20.0) Ice Magic
 + Level 16.1(20.0) Air Magic
 + Level 16.1(20.0) Earth Magic
 + Level 16.1(20.0) Poison Magic
 + Level 20.1 Invocations
 + Level 18.7(22.3) Evocations


You had 21 spell levels left.
You knew the following spells:

 Your Spells              Type           Power        Failure   Level  Hunger
a - Iron Shot             Conj/Erth      ######....   1%          6    #####..
b - Ignition              Fire           ######....   9%          8    #######
c - Spectral Weapon       Hex/Chrm       ######..     0%          3    None
d - Statue Form           Tmut/Erth      ######...    1%          6    #####..
e - Summon Mana Viper     Hex/Summ       ######..     1%          5    ###....
f - Frozen Ramparts       Ice            ######       0%          3    None
g - Passwall              Tmut/Erth      ######..     0%          2    None
h - Blink                 Tloc           N/A          0%          2    None
i - Silence               Hex/Air        ######....   1%          5    ###....
j - Summon Butterflies    Summ           ######..     0%          1    None
k - Apportation           Tloc           ######       0%          1    None

Your spell library contained the following spells:

 Spells                   Type           Power        Failure   Level  Hunger
 Animate Skeleton         Necr           N/A          0%          1    None
 Beastly Appendage        Tmut           ######       0%          1    None
 Corona                   Hex            ######.      0%          1    None
 Foxfire                  Conj/Fire      ####         0%          1    None
 Freeze                   Ice            ####         0%          1    None
 Infusion                 Chrm           ####         0%          1    None
 Magic Dart               Conj           ####         0%          1    None
 Sandblast                Erth           ######       0%          1    None
 Sting                    Tmut/Pois      ####         0%          1    None
 Summon Small Mammal      Summ           ####         0%          1    None
 Call Imp                 Summ           ######..     0%          2    None
 Corpse Rot               Necr/Air       N/A          0%          2    None
 Ensorcelled Hibernation  Hex/Ice        ######       0%          2    None
 Poisonous Vapours        Pois/Air       ######       0%          2    None
 Shroud of Golubria       Chrm/Tloc      ######       0%          2    None
 Slow                     Hex            ######..     0%          2    None
 Song of Slaying          Chrm           ######..     0%          2    None
 Sticks to Snakes         Tmut           ######..     0%          2    None
 Sublimation of Blood     Necr           ######....   0%          2    None
 Swiftness                Chrm/Air       ######..     0%          2    None
 Call Canine Familiar     Summ           ######..     0%          3    None
 Confusing Touch          Hex            ######..     0%          3    None
 Conjure Flame            Conj/Fire      ######..     0%          3    None
 Dazzling Flash           Conj/Hex       ######       0%          3    None
 Ignite Poison            Fire/Tmut/Pois ######..     0%          3    None
 Inner Flame              Hex/Fire       ######..     0%          3    None
 Lesser Beckoning         Tloc           ######....   0%          3    None
 Mephitic Cloud           Conj/Pois/Air  ######..     0%          3    None
 Ozocubu's Armour         Chrm/Ice       ######..     0%          3    None
 Portal Projectile        Hex/Tloc       ######       0%          3    None
 Recall                   Summ/Tloc      N/A          0%          3    None
 Spider Form              Tmut/Pois      ######....   0%          3    None
 Stone Arrow              Conj/Erth      ######       0%          3    None
 Summon Guardian Golem    Hex/Summ       ######..     0%          3    None
 Tukima's Dance           Hex            ######..     0%          3    None
 Animate Dead             Necr           N/A          0%          4    None
 Cause Fear               Hex            ######....   0%          4    None
 Dispel Undead            Necr           ######..     0%          4    None
 Hailstorm                Conj/Ice       ######..     0%          4    None
 Ice Form                 Ice/Tmut       ######..     0%          4    None
 Leda's Liquefaction      Hex/Erth       ######....   0%          4    None
 Olgreb's Toxic Radiance  Pois           ######..     0%          4    None
 Petrify                  Tmut/Erth      ######..     0%          4    None
 Sticky Flame             Conj/Fire      ######..     0%          4    None
 Summon Ice Beast         Ice/Summ       ######..     0%          4    None
 Summon Lightning Spire   Summ/Air       ######..     0%          4    None
 Agony                    Necr           ######..     1%          5    ###....
 Alistair's Intoxication  Tmut/Pois      ######..     1%          5    ###....
 Aura of Abjuration       Summ           ######....   1%          5    ###....
 Blade Hands              Tmut           ######....   1%          5    ###....
 Bolt of Magma            Conj/Fire/Erth ######....   1%          5    ###....
 Borgnjor's Vile Clutch   Necr/Erth      ######....   1%          5    ###....
 Excruciating Wounds      Chrm/Necr      ######....   1%          5    ###....
 Fireball                 Conj/Fire      ######....   1%          5    ###....
 Irradiate                Conj/Tmut      ######....   1%          5    ###....
 Iskenderun's Battlesphe  Conj/Chrm      ######..     1%          5    ###....
 Lee's Rapid Deconstruct  Erth           ######....   1%          5    ###....
 Summon Demon             Summ           ######....   1%          5    ###....
 Summon Forest            Summ/Tloc      ######....   1%          5    ###....
 Yara's Violent Unravell  Hex/Tmut       ######....   1%          5    ###....
 Darkness                 Hex            ######....   1%          6    #####..
 Eringya's Noxious Bog    Tmut/Pois      ######....   1%          6    #####..
 Hydra Form               Tmut           ######....   1%          6    #####..
 Invisibility             Hex            ######..     1%          6    #####..
 Shadow Creatures         Summ           N/A          1%          6    #####..
 Starburst                Conj/Fire      ######....   1%          6    #####..
 Dragon Form              Tmut           ######....   1%          7    ######.
 Orb of Destruction       Conj           ######....   1%          7    ######.
 Ring of Flames           Chrm/Fire      ######....   1%          7    ######.
 Spellforged Servitor     Conj/Summ      ######....   1%          7    ######.
 Summon Hydra             Summ           ######....   1%          7    ######.
 Discord                  Hex            ######....   9%          8    #######
 Dragon's Call            Summ           ######....   83%         9    #######
 Shatter                  Erth           ######....   83%         9    #######
 Passage of Golubria      Tloc           Unusable     N/A         4    N/A

Dungeon Overview and Level Annotations

Branches:
Dungeon (15/15)            Temple (1/1) D:4            Lair (6/6) D:11
  Swamp (4/4) Lair:4        Snake (4/4) Lair:3        Slime (5/5) Lair:5
    Orc (2/2) D:9             Elf (3/3) Orc:2        Vaults (5/5) D:13
  Crypt (1/3) Vaults:2     Depths (5/5) D:15            Zot (5/5) Depths:5

Altars:
Ashenzari
Cheibriados
Dithmenos
Elyvilon
Fedhas
Gozag
Hepliaklqana
Kikubaaqudgha
Makhleb
Nemelex Xobeh
Okawaru
Qazlal
Ru
Sif Muna
Trog
Uskayaw
Vehumet
Wu Jian
Xom
Yredelemnul
Zin
The Shining One
Jiyva

Shops:
D:10 *   Orc:1 ?   Orc:2 [*(=   Snake:3 !   Vaults:1 ([!:   Vaults:2 ?
Vaults:3 :*?[   Vaults:5 *   Depths:2 }}=   Depths:3 *[[(   Depths:5 =

Portals:
Hell: Depths:1 Depths:2 Depths:3 Depths:4 Depths:5
Abyss: Depths:4
Pandemonium: Depths:2 Depths:3
Ziggurat: Depths:2

Annotations:
D:15 4 runed translucent doors
Depths:3 3 runed translucent doors, sipior's ghost, adept TeIE
Depths:4 2 transporters


Innate Abilities, Weirdness & Mutations

Your experience applies equally to all skills.
You have very sharp teeth.
Your uncanny sense of smell can sniff out nearby items.
You have a pair of small horns on your head.
You are surrounded by a mild repulsion field. (EV +2)
You tend to lose your temper in combat.
Scrolls take you a little longer to read.
You are clumsy. (Dex -2)
Armour fits poorly on your strangely shaped body.
You are dopey. (Int -2)
Your flesh is heat resistant. (rF+)
((You are covered in fur. (AC +1)))
You do not regenerate when monsters are visible.
You are occasionally teleported next to monsters.
You are weak. (Str -2)
Your spells are a little easier to cast, but a little less powerful.


Message History

You enter a permanent teleport trap!
Your surroundings suddenly seem different.
You begin reading the scroll.
You continue reading the scroll.
As you read the scroll of teleportation, it crumbles to dust.
You feel strangely stable.
The orb of fire glows bright magenta.
Strange energies course through your body.
You feel clumsy.
A Killer Klown comes into view. It is wielding a +11 club of freezing.
The orb of fire glows bright magenta.
The fireball explodes!
The fireball engulfs you! You resist.
* * * LOW HITPOINT WARNING * * *
The fireball engulfs the orb of fire.
The orb of fire completely resists.
The orb of fire glows bright magenta.
The bolt of fire hits you! You resist.
* * * LOW HITPOINT WARNING * * *
The sentinel's mark upon you fades away.
The orb of fire emits a lurid red light.
The fireball explodes!
The fireball engulfs you!! You resist.
You die...

...........# #...........# #.
...........# ##...........## #.
..........## #...^.........# ##
^........## ##........p....## #
........## #...............#
#########▓▓ ########p########▓▓▓
# #.####..## #<## #...##...###...
####.......####[###*..#..#....###
............####8)X.#...###..####
.............####.*###..###.####.
#.........##..###..###..##.####..
##....⌠..####..#....##....####).#
###.......####.......#{..####..##
####.......####......*..####..###
)####.......####.......####....##
#.####.......###......####.......
##.####.....#.##......###.......)


You could see 3 orbs of fire and an Orb Guardian.

Vanquished Creatures
  the Royal Jelly (Slime:5)
  3 ancient liches (Zot:5)
  Mennas (Vaults:2)
  2 orbs of fire (Zot:5)
  Mara (Swamp:3)
  A juggernaut (Zot:4)
  Bai Suzhen (Vaults:2)
  A shard shrike (Zot:4)
  4 caustic shrikes (Depths:5)
  3 Killer Klowns
  8 golden dragons
  2 curse toes
  A bone dragon (Depths:5)
  Jory (Vaults:2)
  2 electric golems (Zot:5)
  Jorgrun (Snake:2)
  Rupert (Lair:6)
  5 liches
  16 tentacled monstrosities
  2 deep elf blademasters (Elf:3)
  6 quicksilver dragons
  19 Orb Guardians (Zot:5)
  3 titans (Vaults:5)
  23 acid blobs
  2 deep elf master archers (Elf:3)
  3 sphinxes
  Gastronok (Lair:2)
  2 tentacled starspawn (Abyss:4)
  4 thorn hunters
  7 death cobs
  19 storm dragons
  6 shadow dragons
  Frances (Swamp:1)
  7 tengu reavers
  An ancient champion (Crypt:1)
  A revenant (Crypt:1)
  Donald (Vaults:2)
  4 draconian monks
  12 azure jellies
  13 nagarajas
  Roxanne (Swamp:2)
  10 fire giants
  10 draconian knights
  2 iron dragons (Vaults:5)
  A balrug (Depths:1)
  6 frost giants
  8 draconian scorchers
  An orc warlord (Orc:1)
  A curse skull (Crypt:1)
  4 draconian shifters
  6 deep elf sorcerers
  A ghost moth (Zot:3)
  16 vault wardens
  Aizul (Snake:2)
  4 ghouls
  3 angels
  6 deep elf elementalists
  3 draconian stormcallers
  17 very ugly things
  The ghost of brujo666 the Protected, a journeyman DsFi of Okawaru (Orc:2)
  18 ironheart preservers
  4 draconian annihilators (Zot:2)
  2 entropy weavers (Vaults:3)
  24 stone giants
  A war gargoyle (Vaults:3)
  3 vampire knights
  14 green draconians
  6 deep elf annihilators
  6 deep elf demonologists
  14 white draconians
  7 starcursed masses (Abyss:4)
  12 black draconians
  4 purple draconians
  13 yellow draconians
  14 red draconians
  Azrael (D:13)
  A dire elephant (Lair:4)
  A spark wasp (shapeshifter) (Vaults:5)
  4 spark wasps (Depths:3)
  2 small abominations
  10 ettins
  8 death oozes (Slime:5)
  5 deep elf death magi
  Josephine (Orc:2)
  14 great orbs of eyes
  A fire dragon (shapeshifter) (Vaults:2)
  The ghost of Arctirus the Destroyer, a journeyman OpWz of Vehumet (D:10)
  A merfolk impaler (Depths:3)
  3 deep elf high priests
  19 yaktaur captains
  14 fire dragons
  Harold (D:8)
  31 vault guards
  A hell beast (Depths:3)
  5 rakshasas
  2 spriggan air magi (Depths:5)
  19 naga warriors
  3 ghost crabs
  3 shambling mangroves
  32 hydras
  7 ice dragons
  Erolcha (D:13)
  7 centaur warriors
  10 anacondas
  An anaconda (shapeshifter) (Vaults:3)
  11 ogre magi
  3 death knights
  A two-headed ogre (shapeshifter) (Vaults:5)
  34 two-headed ogres
  25 dancing weapons
  21 alligators
  An alligator (shapeshifter) (Depths:2)
  5 tengu warriors
  16 deep troll earth magi
  13 deep troll shamans
  A vampire mage (Depths:4)
  15 naga sharpshooters
  A thrashing horror (Abyss:4)
  4 orc high priests
  8 shock serpents
  5 wretched stars (Abyss:4)
  21 deep elf knights
  19 hell knights
  4 skeletal warriors
  A spriggan berserker (Depths:5)
  3 sun demons
  2 salamander mystics
  46 deep trolls
  5 iron trolls
  2 flayed ghosts
  5 shadow wraiths
  5 spriggan druids
  3 unseen horrors
  A torturous demonspawn (Depths:3)
  An infernal demonspawn (Depths:3)
  11 swamp dragons
  4 glowing orange brains
  9 wizards
  An unseen horror (shapeshifter) (Vaults:1)
  2 harpies (shapeshifter)
  21 orc knights
  A lindwurm (Lair:6)
  A shadow demon (Depths:2)
  13 deep elf archers
  Pikel (D:6)
  10 harpies
  7 necromancers
  10 naga ritualists
  13 ironbrand convokers
  6 phantasmal warriors
  31 ugly things
  61 deep elf magi
  11 orc sorcerers
  An orb spider (shapeshifter) (D:15)
  A stone giant zombie (Vaults:3)
  6 mana vipers
  A salamander (shapeshifter) (Vaults:1)
  4 shining eyes
  5 cyclopes (Vaults:2)
  A manticore (Elf:1)
  A wolf spider (Vaults:2)
  2 cyclopes (shapeshifter)
  20 moths of wrath
  19 salamanders
  An elf zombie (Depths:2)
  2 worldbinders (Abyss:4)
  A centaur zombie (D:13)
  21 naga magi
  36 black mambas
  23 elephants
  10 guardian serpents
  A frost giant skeleton (Depths:2)
  A guardian serpent (shapeshifter) (Vaults:2)
  A fire giant skeleton (Vaults:3)
  Maurice (D:13)
  38 spiny frogs
  17 vault sentinels
  2 gargoyles
  An eye of devastation (Slime:5)
  2 apocalypse crabs (Abyss:4)
  2 smoke demons
  Maggie (D:6)
  An orange demon (Depths:2)
  4 komodo dragons
  4 rime drakes
  5 spectral swamp worms (Depths:3)
  A spriggan zombie (Depths:1)
  57 yaktaurs
  A spiny frog (shapeshifter) (Vaults:3)
  8 freezing wraiths
  A spriggan skeleton (Depths:2)
  A red devil (Depths:3)
  2 hellwings
  2 queen bees
  8 tengu conjurers
  11 meliai
  7 trolls
  A polar bear (Lair:3)
  2 ancient zymes (Abyss:4)
  A hornet (shapeshifter) (Depths:3)
  A queen bee (shapeshifter) (Depths:5)
  2 polar bears (shapeshifter)
  12 hornets
  A tengu simulacrum (Vaults:2)
  8 dream sheep
  24 blink frogs
  81 slime creatures
  10 tyrant leeches
  A slime creature (shapeshifter) (Vaults:5)
  A blink frog (shapeshifter) (Vaults:2)
  9 bog bodies
  2 hippogriffs (shapeshifter)
  An ice dragon skeleton (Depths:1)
  9 hippogriffs
  An ettin skeleton (Vaults:3)
  5 shadows
  4 redbacks (Vaults:3)
  22 yaks
  A tarantella (shapeshifter) (Vaults:1)
  Sigmund (D:6)
  A ynoxinul (Abyss:4)
  11 spriggans
  5 wyverns
  11 water elementals
  9 large abominations
  3 fire elementals
  2 yaks (shapeshifter)
  12 wraiths
  5 basilisks
  8 golden eyes
  A hungry ghost (D:7)
  2 chaos spawn
  32 vampire mosquitoes
  7 wargs
  2 neqoxecs (Abyss:4)
  20 swamp worms
  70 nagas
  6 insubstantial wisps (Swamp:4)
  4 acid dragons
  A deep troll skeleton (Vaults:3)
  6 hell hounds
  11 water moccasins
  2 porcupines
  9 swamp drakes
  Duvessa (D:5)
  A floating eye (shapeshifter) (Vaults:5)
  4 slaves
  3 ice beasts
  A sky beast (shapeshifter) (Elf:3)
  3 sky beasts
  47 orc warriors
  A hornet zombie (D:14)
  A necrophage (D:6)
  2 black bears
  A black bear (shapeshifter) (Depths:2)
  12 boggarts
  3 phantoms
  4 wolves
  3 eyes of draining
  12 centaurs
  41 ogres
  12 crocodiles
  An elf skeleton (Vaults:3)
  An elf simulacrum (Vaults:1)
  32 bullfrogs
  A big kobold (shapeshifter) (Depths:5)
  9 earth elementals
  A wyvern zombie (D:9)
  2 big kobolds (D:8)
  A yaktaur skeleton (Depths:1)
  Dowan (D:5)
  A gnoll sergeant (D:6)
  A wyvern skeleton (D:11)
  2 scorpions
  37 killer bees
  A yak skeleton (Crypt:1)
  5 wights (D:6)
  12 electric eels
  A howler monkey (D:7)
  17 crimson imps
  2 human simulacra (Vaults:2)
  3 quasits
  15 jellies
  Crazy Yiuf (D:5)
  2 bullfrog skeletons
  20 orc priests
  6 centaur skeletons
  3 hounds
  22 orc wizards
  A gnoll shaman (D:6)
  Jessica (D:2)
  Ijyb (D:5)
  5 iguanas
  4 polar bear simulacra (D:14)
  7 worker ants
  A killer bee zombie (Crypt:1)
  2 yak simulacra (D:14)
  2 wolf simulacra (D:14)
  A hound zombie (D:7)
  3 hound skeletons
  A worker ant zombie (D:6)
  17 gnolls
  A howler monkey skeleton (Crypt:1)
  12 adders
  5 shadow imps
  7 white imps
  An ufetubus (Depths:3)
  An ooze (D:1)
  An adder zombie (D:7)
  5 worms
  3 dart slugs
  5 leopard geckos
  95 orcs
  6 bats
  9 giant cockroaches
  8 goblins
  8 hobgoblins
  20 jackals
  12 kobolds
  4 quokkas
  8 frilled lizards
  A hobgoblin skeleton (Crypt:1)
  A leopard gecko skeleton (D:5)
  A leopard gecko zombie (D:5)
  A quokka skeleton (D:8)
  8 rats
  3 river rat simulacra (D:14)
  A butterfly (Lair:1)
  4 crawling corpses (Vaults:5)
  A lurking horror (Abyss:4)
2545 creatures vanquished.

Vanquished Creatures (collateral kills)
  the Lernaean hydra (Swamp:4)
  An Orb Guardian (Zot:5)
  A yellow draconian (Zot:5)
  A deep elf high priest (Elf:3)
4 creatures vanquished.

Vanquished Creatures (others)
  A draconian annihilator (Zot:5)
  A deep elf annihilator (Elf:3)
  2 deep elf magi
  A tyrant leech (Swamp:3)
  A blink frog (shapeshifter) (Depths:3)
  A slime creature (Vaults:3)
  A small abomination (Abyss:4)
  A sky beast (D:13)
  3 boggarts
  A centaur (Vaults:3)
  An orc wizard (D:4)
  An orc priest (Orc:1)
  A kobold (D:3)
  77 fungi
  A lurking horror (Abyss:4)
  77 plants
  10 spectral weapons
  8 starspawn tentacles (Abyss:4)
189 creatures vanquished.

Grand Total: 2738 creatures vanquished

Notes
Turn   | Place    | Note
-------+----------+-------------------------------------------
     0 | D:1      | Kagalorn the Gnoll Gladiator began the quest for the Orb.
     0 | D:1      | Reached XP level 1. HP: 20/20 MP: 1/1
    66 | D:1      | Reached XP level 2. HP: 26/26 MP: 2/2
   123 | D:2      | Found a basalt altar of Yredelemnul.
   124 | D:2      | Noticed Jessica
   141 | D:2      | Killed Jessica
   141 | D:2      | Reached XP level 3. HP: 31/31 MP: 2/4
   280 | D:1      | Reached skill level 1 in Invocations
   523 | D:1      | Reached skill level 1 in Short Blades
   523 | D:1      | Reached skill level 1 in Long Blades
   523 | D:1      | Reached skill level 1 in Maces & Flails
   523 | D:1      | Reached skill level 1 in Polearms
   523 | D:1      | Reached skill level 1 in Staves
   523 | D:1      | Reached skill level 1 in Slings
   523 | D:1      | Reached skill level 1 in Bows
   523 | D:1      | Reached skill level 1 in Crossbows
   523 | D:1      | Reached skill level 1 in Armour
   523 | D:1      | Reached skill level 1 in Stealth
   523 | D:1      | Reached skill level 1 in Shields
   523 | D:1      | Reached skill level 1 in Unarmed Combat
   523 | D:1      | Reached skill level 1 in Spellcasting
   523 | D:1      | Reached skill level 1 in Evocations
   569 | D:1      | Reached XP level 4. HP: 34/38 MP: 5/5
  1495 | D:3      | Reached skill level 1 in Conjurations
  1495 | D:3      | Reached skill level 1 in Hexes
  1495 | D:3      | Reached skill level 1 in Charms
  1495 | D:3      | Reached skill level 1 in Summonings
  1495 | D:3      | Reached skill level 1 in Necromancy
  1495 | D:3      | Reached skill level 1 in Translocations
  1495 | D:3      | Reached skill level 1 in Transmutations
  1495 | D:3      | Reached skill level 1 in Fire Magic
  1495 | D:3      | Reached skill level 1 in Ice Magic
  1495 | D:3      | Reached skill level 1 in Air Magic
  1495 | D:3      | Reached skill level 1 in Earth Magic
  1495 | D:3      | Reached skill level 1 in Poison Magic
  1654 | D:3      | Reached XP level 5. HP: 43/43 MP: 6/6
  1657 | D:3      | Found a blossoming altar of Fedhas.
  1757 | D:3      | Found an iron altar of Okawaru.
  2518 | D:4      | Reached skill level 2 in Invocations
  2518 | D:4      | Reached XP level 6. HP: 49/50 MP: 8/8
  2653 | D:4      | Reached skill level 5 in Fighting
  2653 | D:4      | Reached skill level 5 in Throwing
  2965 | D:4      | Found a staircase to the Ecumenical Temple.
  2971 | Temple   | Entered the Ecumenical Temple
  3072 | Temple   | Became a worshipper of Ashenzari the Shackled
  3125 | D:4      | Found a burning altar of Makhleb.
  3141 | D:4      | Reached XP level 7. HP: 48/56 MP: 10/10
  3799 | D:5      | Entered Level 5 of the Dungeon
  3820 | D:5      | Found a glowing silver altar of Zin.
  3894 | D:5      | Noticed Ijyb
  3906 | D:5      | Killed Ijyb
  4340 | D:5      | Reached skill level 3 in Invocations
  4762 | D:5      | Reached XP level 8. HP: 59/63 MP: 12/12
  4900 | D:5      | Noticed Duvessa
  4900 | D:5      | Noticed Dowan
  4915 | D:5      | Killed Duvessa
  5060 | D:5      | Killed Dowan
  5104 | D:5      | Found a runed translucent door.
  5105 | D:5      | Noticed Crazy Yiuf
  5297 | D:6      | Noticed Maggie
  5297 | D:6      | Noticed Sigmund
  5485 | D:6      | Got the cursed plate armour of Inaction {Dex+2}
  5646 | D:6      | Reached skill level 4 in Invocations
  5719 | D:6      | Reached XP level 9. HP: 69/69 MP: 14/14
  5756 | D:6      | Killed Sigmund
  5904 | D:6      | Found a white marble altar of Elyvilon.
  5935 | D:6      | Identified the cursed +0 plate armour of Inaction {Dex+2}
                  | (You found it on level 6 of the Dungeon)
  6048 | D:6      | Killed Maggie
  6061 | D:6      | Noticed Pikel
  6296 | D:6      | Killed Pikel
  6324 | D:6      | Reached skill level 5 in Invocations
  6679 | D:7      | Reached XP level 10. HP: 73/77 MP: 17/17
  7057 | D:7      | Found a shadowy altar of Dithmenos.
  7065 | D:7      | Reached skill level 5 in Short Blades
  7065 | D:7      | Reached skill level 5 in Long Blades
  7065 | D:7      | Reached skill level 5 in Maces & Flails
  7065 | D:7      | Reached skill level 5 in Polearms
  7065 | D:7      | Reached skill level 5 in Staves
  7065 | D:7      | Reached skill level 5 in Slings
  7065 | D:7      | Reached skill level 5 in Bows
  7065 | D:7      | Reached skill level 5 in Crossbows
  7065 | D:7      | Reached skill level 5 in Armour
  7065 | D:7      | Reached skill level 5 in Stealth
  7065 | D:7      | Reached skill level 5 in Shields
  7065 | D:7      | Reached skill level 5 in Unarmed Combat
  7065 | D:7      | Reached skill level 5 in Spellcasting
  7065 | D:7      | Reached skill level 5 in Evocations
  7157 | D:7      | Reached * piety under Ashenzari
  7491 | D:8      | Found a hazy altar of Hepliaklqana.
  7630 | D:8      | Found a snail-covered altar of Cheibriados.
  7638 | D:8      | Noticed Harold
  7658 | D:8      | Killed Harold
  8244 | D:8      | Reached skill level 6 in Invocations
  8402 | D:5      | Killed Crazy Yiuf
  8854 | D:9      | Found a shimmering blue altar of Sif Muna.
  8892 | D:9      | Learned a level 1 spell: Summon Butterflies
  8969 | D:9      | Found a staircase to the Orcish Mines.
  9036 | D:9      | Found a stormy altar of Qazlal.
  9256 | D:9      | Found a hide-covered altar of Uskayaw.
  9447 | D:10     | Entered Level 10 of the Dungeon
  9462 | D:10     | Reached XP level 11. HP: 84/84 MP: 19/19
  9567 | D:10     | Found Qirphi's Assorted Antiques.
  9592 | D:10     | Killed an unseen horror
  9776 | D:10     | Noticed Arctirus's ghost (journeyman OpWz)
  9784 | D:10     | Found a transporter.
 10439 | D:11     | Reached skill level 5 in Conjurations
 10439 | D:11     | Reached skill level 5 in Hexes
 10439 | D:11     | Reached skill level 5 in Charms
 10439 | D:11     | Reached skill level 5 in Summonings
 10439 | D:11     | Reached skill level 5 in Necromancy
 10439 | D:11     | Reached skill level 5 in Translocations
 10439 | D:11     | Reached skill level 5 in Transmutations
 10439 | D:11     | Reached skill level 5 in Fire Magic
 10439 | D:11     | Reached skill level 5 in Ice Magic
 10439 | D:11     | Reached skill level 5 in Air Magic
 10439 | D:11     | Reached skill level 5 in Earth Magic
 10439 | D:11     | Reached skill level 5 in Poison Magic
 10730 | D:11     | Identified the ring of the Sturgeon {Fire rElec Int+3
                  | Stlth+}
 11031 | D:11     | Found a staircase to the Lair.
 11331 | D:11     | Noticed a two-headed ogre
 11345 | D:11     | Killed a two-headed ogre
 11614 | Lair:1   | Entered Level 1 of the Lair of Beasts
 11644 | Lair:1   | Reached skill level 7 in Invocations
 11695 | Lair:1   | Reached ** piety under Ashenzari
 13097 | Lair:1   | Noticed an eight-headed hydra
 13105 | Lair:1   | Killed a four-headed hydra
 13105 | Lair:1   | Reached XP level 12. HP: 38/93 MP: 20/22
 14534 | Lair:2   | Noticed Gastronok
 14655 | Lair:2   | Killed Gastronok
 15196 | Lair:2   | Reached skill level 8 in Invocations
 16238 | Lair:3   | Reached skill level 10 in Axes
 16238 | Lair:3   | Reached skill level 10 in Dodging
 16797 | Lair:3   | Found a staircase to the Snake Pit.
 17010 | Lair:3   | Reached *** piety under Ashenzari
 17011 | Lair:3   | Noticed a five-headed hydra
 17022 | Lair:3   | Killed a one-headed hydra
 17022 | Lair:3   | Reached XP level 13. HP: 83/101 MP: 24/24
 18491 | Lair:4   | Found a staircase to the Swamp.
 19173 | Lair:4   | Reached skill level 9 in Invocations
 20339 | Lair:5   | Found a staircase to the Slime Pits.
 20924 | Lair:5   | Noticed a dire elephant
 21308 | Lair:4   | Killed a dire elephant
 21406 | Lair:5   | Reached XP level 14. HP: 97/109 MP: 26/26
 21768 | Lair:6   | Entered Level 6 of the Lair of Beasts
 22522 | Lair:6   | Reached skill level 10 in Fighting
 22522 | Lair:6   | Reached skill level 10 in Throwing
 22776 | Lair:6   | Learned a level 2 spell: Passwall
 22780 | Lair:6   | Learned a level 3 spell: Spectral Weapon
 23128 | Lair:6   | Found a shimmering altar of Xom.
 23810 | Lair:6   | Reached skill level 10 in Invocations
 24090 | Lair:6   | Reached **** piety under Ashenzari
 24094 | Lair:6   | Noticed Rupert
 24113 | Lair:6   | Killed Rupert
 25747 | D:13     | Found a gate to the Vaults.
 25770 | D:12     | Reached XP level 15. HP: 117/117 MP: 28/28
 25940 | D:13     | Learned a level 2 spell: Blink
 26082 | D:13     | Found a sparkling altar of Nemelex Xobeh.
 26084 | D:13     | Noticed Maurice
 26091 | D:13     | Killed Maurice
 26257 | D:13     | Noticed Azrael
 26271 | D:13     | Killed Azrael
 26638 | D:13     | Found a blossoming altar of Fedhas.
 27525 | D:13     | Noticed Nessos
 27526 | D:13     | Noticed Nessos
 27526 | D:13     | Nessos changed into Nessos the dream sheep
 27534 | D:13     | Killed Nessos the dream sheep
 27582 | D:13     | Noticed Erolcha
 27591 | D:13     | Killed Erolcha
 27602 | D:13     | Found an iron altar of Okawaru.
 28526 | Orc:1    | Entered Level 1 of the Orcish Mines
 28741 | Orc:2    | Entered Level 2 of the Orcish Mines
 28842 | Orc:1    | Found Xicejutaokh's Magic Scroll Shoppe.
 28842 | Orc:1    | Noticed Josephine
 28867 | Orc:2    | Killed Josephine
 29033 | Orc:1    | Bought a scroll of remove curse for 54 gold pieces
 29033 | Orc:1    | Bought a scroll of remove curse for 54 gold pieces
 29033 | Orc:1    | Bought a scroll of identify for 36 gold pieces
 29033 | Orc:1    | Bought a scroll of teleportation for 54 gold pieces
 29033 | Orc:1    | Bought a scroll of identify for 36 gold pieces
 29033 | Orc:1    | Bought a scroll of teleportation for 54 gold pieces
 29033 | Orc:1    | Bought a scroll of remove curse for 54 gold pieces
 29767 | Orc:2    | Reached ***** piety under Ashenzari
 29786 | Orc:2    | Noticed an orc warlord
 29796 | Orc:2    | Noticed brujo666's ghost (journeyman DsFi)
 29855 | Orc:1    | Killed an orc warlord
 30091 | Orc:2    | Reached skill level 10 in Short Blades
 30091 | Orc:2    | Reached skill level 10 in Long Blades
 30091 | Orc:2    | Reached skill level 10 in Maces & Flails
 30091 | Orc:2    | Reached skill level 10 in Polearms
 30091 | Orc:2    | Reached skill level 10 in Staves
 30091 | Orc:2    | Reached skill level 10 in Slings
 30091 | Orc:2    | Reached skill level 10 in Bows
 30091 | Orc:2    | Reached skill level 10 in Crossbows
 30091 | Orc:2    | Reached skill level 10 in Armour
 30091 | Orc:2    | Reached skill level 10 in Stealth
 30091 | Orc:2    | Reached skill level 10 in Shields
 30091 | Orc:2    | Reached skill level 10 in Unarmed Combat
 30091 | Orc:2    | Reached skill level 10 in Spellcasting
 30091 | Orc:2    | Reached skill level 10 in Evocations
 30108 | Orc:2    | Found a staircase to the Elven Halls.
 30116 | Orc:2    | Found Pudib's General Store.
 30329 | Orc:2    | Found Ennimpaj's Antique Armour Shoppe.
 30897 | Orc:2    | Found a transporter.
 30900 | Orc:2    | Found a transporter.
 30934 | Orc:2    | Found Vibonud's Antique Weapon Boutique.
 31096 | Orc:2    | Found a bloodstained altar of Trog.
 31102 | Orc:2    | Found Tisom's Jewellery Shoppe.
 31237 | Orc:2    | Bought the ring of Contentment {rPois rF+ rC+ rN+} for 587
                  | gold pieces
 31254 | Orc:2    | Learned a level 5 spell: Silence
 32050 | D:14     | Reached skill level 11 in Invocations
 32533 | D:15     | Entered Level 15 of the Dungeon
 32824 | D:15     | Found a runed translucent door.
 32877 | D:15     | Found a runed translucent door.
 32960 | D:15     | Found a runed translucent door.
 33040 | D:15     | Found a runed translucent door.
 33216 | D:15     | Found a staircase to the Depths.
 33299 | D:15     | Reached XP level 16. HP: 125/125 MP: 30/30
 34667 | D:10     | Found a transporter.
 34708 | D:10     | Killed Arctirus's ghost
 35118 | Swamp:1  | Entered Level 1 of the Swamp
 35375 | Swamp:1  | Noticed a thorn hunter
 35392 | Swamp:1  | Killed a thorn hunter
 36054 | Swamp:1  | Learned a level 1 spell: Apportation
 36059 | Swamp:1  | Learned a level 4 spell: Petrify
 36362 | Swamp:1  | Noticed Frances
 37331 | Swamp:1  | Killed Frances
 38339 | Swamp:2  | Noticed a thorn hunter
 38363 | Swamp:1  | Killed a thorn hunter
 38725 | Swamp:2  | Noticed Roxanne
 38772 | Swamp:2  | HP: 4/127 [spiny frog (9)]
 40376 | Swamp:2  | Killed Roxanne
 40387 | Swamp:2  | Learned a level 6 spell: Statue Form
 40393 | Swamp:2  | Learned a level 5 spell: Irradiate
 40401 | Swamp:2  | Learned a level 6 spell: Iron Shot
 40453 | Swamp:3  | Noticed a thorn hunter
 40465 | Swamp:3  | Killed a thorn hunter
 40465 | Swamp:3  | Reached XP level 17. HP: 133/133 MP: 19/32
 40700 | Swamp:3  | Reached skill level 12 in Invocations
 41348 | Swamp:3  | Identified a scroll of acquirement
 41355 | Swamp:3  | Learned a level 3 spell: Frozen Ramparts
 41934 | Swamp:4  | Entered Level 4 of the Swamp
 42257 | Swamp:4  | Noticed Mara
 42306 | Swamp:3  | Killed Mara
 43536 | Swamp:4  | Noticed the 27-headed Lernaean hydra
 44008 | Swamp:4  | Killed the 27-headed Lernaean hydra
 44094 | Swamp:4  | Reached skill level 10 in Conjurations
 44094 | Swamp:4  | Reached skill level 10 in Hexes
 44094 | Swamp:4  | Reached skill level 10 in Charms
 44094 | Swamp:4  | Reached skill level 10 in Summonings
 44094 | Swamp:4  | Reached skill level 10 in Necromancy
 44094 | Swamp:4  | Reached skill level 10 in Translocations
 44094 | Swamp:4  | Reached skill level 10 in Transmutations
 44094 | Swamp:4  | Reached skill level 10 in Fire Magic
 44094 | Swamp:4  | Reached skill level 10 in Ice Magic
 44094 | Swamp:4  | Reached skill level 10 in Air Magic
 44094 | Swamp:4  | Reached skill level 10 in Earth Magic
 44094 | Swamp:4  | Reached skill level 10 in Poison Magic
 44261 | Swamp:4  | Got a decaying rune of Zot
 44514 | Snake:1  | Entered Level 1 of the Snake Pit
 44617 | Snake:1  | Reached XP level 18. HP: 110/141 MP: 25/33
 45314 | Snake:2  | Noticed Aizul
 45338 | Snake:2  | Killed Aizul
 46055 | Snake:2  | Reached ****** piety under Ashenzari
 46055 | Snake:2  | Noticed Jorgrun
 46071 | Snake:2  | Killed Jorgrun
 47415 | Snake:3  | Reached skill level 13 in Invocations
 48213 | Snake:3  | Found Mijeralayh's Distillery.
 48974 | Snake:4  | Entered Level 4 of the Snake Pit
 49407 | Snake:4  | Reached XP level 19. HP: 121/149 MP: 35/35
 51223 | Snake:4  | Identified the ring "Uneadid" {rElec rC- rN+ EV+4 Str+2}
 52206 | Snake:4  | Got a serpentine rune of Zot
 52727 | Orc:2    | Bought the ring of Tetuaj {AC+4 Int+5 Dex+3} for 1076 gold
                  | pieces
 52804 | Orc:2    | Killed brujo666's ghost
 53109 | Vaults:1 | Entered Level 1 of the Vaults
 53232 | Vaults:1 | Found Piazoov's Book Boutique.
 53362 | Vaults:1 | Found Ytsoneps's Antique Armour Shop.
 53370 | Vaults:1 | Bought a brightly glowing cloak for 399 gold pieces
 53370 | Vaults:1 | Identified the +2 cloak "Wuroloit" {rPois Str+2 Dex+2} (You
                  | bought it in a shop on level 1 of the Vaults)
 53370 | Vaults:1 | Bought a pair of twisted boots for 399 gold pieces
 53388 | Vaults:1 | Identified the +0 pair of boots "Hejash" {MR+ Dex+5} (You
                  | bought it in a shop on level 1 of the Vaults)
 53391 | Vaults:1 | Found Binass Ufis's Weapon Shoppe.
 53427 | Vaults:1 | Found Weteps's Distillery.
 53858 | Vaults:1 | Reached XP level 20. HP: 149/157 MP: 34/36
 54169 | Vaults:1 | Reached skill level 14 in Invocations
 55035 | Vaults:2 | Noticed Donald
 55046 | Vaults:2 | Killed Donald
 55131 | Vaults:2 | Found Jiary's Magic Scroll Boutique.
 55250 | Vaults:2 | Noticed Jory
 55290 | Vaults:2 | Killed Jory
 55586 | Vaults:2 | Noticed Mennas
 55639 | Vaults:2 | Killed Mennas
 55987 | Vaults:2 | Noticed Bai Suzhen
 56020 | Vaults:2 | Gained mutation: You have supernaturally acute eyesight.
                  | (SInv) [a shining eye]
 56082 | Vaults:2 | Killed Bai Suzhen
 56356 | Vaults:2 | Found a staircase to the Crypt.
 56356 | Vaults:2 | Found a basalt altar of Yredelemnul.
 56357 | Vaults:2 | Found an ancient bone altar of Kikubaaqudgha.
 57136 | Vaults:2 | Reached XP level 21. HP: 118/165 MP: 38/38
 57579 | Vaults:3 | Found Yczicaor's General Store.
 57653 | Vaults:3 | Found a white marble altar of Elyvilon.
 57654 | Vaults:3 | Found a glowing silver altar of Zin.
 57665 | Vaults:3 | Found a ruined gateway.
 57667 | Vaults:3 | Found a glowing golden altar of the Shining One.
 58519 | Vaults:3 | Found Tut Feomm's Book Emporium.
 58553 | Vaults:3 | Paralysed by an ogre mage for 5 turns
 58559 | Vaults:3 | Reached skill level 15 in Axes
 58559 | Vaults:3 | Reached skill level 15 in Dodging
 59128 | Vaults:3 | Found Deofyddo's Armour Shoppe.
 59135 | Vaults:3 | Found Labazat's Magic Scroll Shoppe.
 59147 | Vaults:3 | Bought a scroll of remove curse for 30 gold pieces
 59359 | Vaults:4 | Reached skill level 15 in Invocations
 60461 | Vaults:4 | Reached XP level 22. HP: 173/173 MP: 35/40
 60971 | Vaults:4 | Found a radiant altar of Vehumet.
 60972 | Vaults:4 | Identified the +0 robe of the Storm King {rC+ rCorr Str+6
                  | Dex-5}
 61298 | Elf:1    | Entered Level 1 of the Elven Halls
 61809 | Elf:1    | Found the +3 robe of Folly {Archmagi, MR-- Int+5}
 62405 | Elf:2    | Upgraded the game from 0.25.0-9-g26727b657a to
                  | 0.25.0-10-g039870ee82
 62417 | Elf:2    | Learned a level 5 spell: Summon Mana Viper
 63051 | Elf:2    | Reached skill level 15 in Fighting
 63051 | Elf:2    | Reached skill level 15 in Throwing
 63070 | Elf:2    | Found a runed translucent gate.
 63071 | Elf:2    | Found a runed translucent gate.
 63072 | Elf:2    | Found a runed translucent gate.
 64166 | Elf:3    | Entered Level 3 of the Elven Halls
 65768 | Elf:3    | Reached XP level 23. HP: 168/181 MP: 36/41
 66046 | Elf:3    | Identified the ring of Wishful Thinking {Fire Dex+5}
 66176 | Elf:3    | Identified the +3 ring mail of the Orcish Mines {Dex+4}
 66416 | Elf:3    | Found the +2 hood of the Assassin {Detection Stab+ Stlth++}
 66449 | Elf:3    | Identified the Grimoire of Helpful Evil Secrets
 66493 | Elf:3    | Identified the +2 ring mail "Daisiduk" {-Tele Int+4} (You
                  | found it on level 4 of the Lair of Beasts)
 66972 | Snake:3  | Bought a potion of heal wounds for 95 gold pieces
 66972 | Snake:3  | Bought a potion of mutation for 152 gold pieces
 66972 | Snake:3  | Bought a potion of lignification for 57 gold pieces
 66972 | Snake:3  | Bought a potion of mutation for 152 gold pieces
 66972 | Snake:3  | Bought 2 potions of experience for 1900 gold pieces
 66972 | Snake:3  | Bought a potion of brilliance for 76 gold pieces
 66975 | Snake:3  | Reached skill level 16 in Invocations
 66975 | Snake:3  | Reached XP level 24. HP: 189/189 MP: 41/41
 66976 | Snake:3  | Reached XP level 25. HP: 195/195 MP: 41/41
 67155 | D:10     | Bought a scroll of remove curse for 114 gold pieces
 67261 | Depths:1 | Entered Level 1 of the Depths
 67362 | Depths:1 | Found the cursed +13 scythe of Curses {drain, *Curse}
 67381 | Depths:1 | Reached skill level 15 in Short Blades
 67381 | Depths:1 | Reached skill level 15 in Long Blades
 67381 | Depths:1 | Reached skill level 15 in Maces & Flails
 67381 | Depths:1 | Reached skill level 15 in Polearms
 67381 | Depths:1 | Reached skill level 15 in Staves
 67381 | Depths:1 | Reached skill level 15 in Slings
 67381 | Depths:1 | Reached skill level 15 in Bows
 67381 | Depths:1 | Reached skill level 15 in Crossbows
 67381 | Depths:1 | Reached skill level 15 in Armour
 67381 | Depths:1 | Reached skill level 15 in Stealth
 67381 | Depths:1 | Reached skill level 15 in Shields
 67381 | Depths:1 | Reached skill level 15 in Unarmed Combat
 67381 | Depths:1 | Reached skill level 15 in Spellcasting
 67381 | Depths:1 | Reached skill level 15 in Evocations
 67843 | Depths:1 | Found a gateway to Hell.
 68403 | Depths:2 | Found Goick's Gadget Shop.
 68404 | Depths:2 | Found Sosta's Jewellery Emporium.
 68405 | Depths:2 | Found Hoalus's Gadget Shop.
 68900 | Depths:2 | Found a one-way gate leading to the halls of Pandemonium.
 69179 | Depths:2 | Found a gateway to a ziggurat.
 69497 | Depths:2 | Identified the cursed +0 plate armour of Qeatri {rC+}
 69610 | Depths:3 | Found Marchuwi's Assorted Antiques.
 69946 | Depths:3 | Bought a glowing broad axe for 273 gold pieces
 70205 | Depths:3 | Found Gozag's Antique Weapon Shop.
 70215 | Depths:3 | Found an opulent altar of Gozag.
 70215 | Depths:3 | Found Gozag's Antique Armour Shop.
 70240 | Depths:3 | Reached XP level 26. HP: 153/204 MP: 41/42
 70301 | Depths:3 | Found Gozag's Antique Armour Boutique.
 71213 | Depths:3 | Found a runed translucent gate.
 71213 | Depths:3 | Found a runed translucent gate.
 71213 | Depths:3 | Found a runed translucent gate.
 71214 | Depths:3 | Noticed sipior's ghost (adept TeIE)
 71582 | Depths:4 | Found a one-way gate to the infinite horrors of the Abyss.
 71646 | Depths:4 | Identified the ring "Walaur" {rPois rCorr}
 71706 | Depths:4 | Reached skill level 17 in Invocations
 72194 | Depths:4 | Found a transporter.
 72199 | Depths:4 | Found a transporter.
 72249 | Depths:5 | Entered Level 5 of the Depths
 73345 | Depths:5 | Reached XP level 27. HP: 194/213 MP: 43/43
 73404 | Depths:5 | Found a gate to the Realm of Zot.
 73585 | Depths:5 | Found Ysaov Lurph's Jewellery Shoppe.
 73941 | Vaults:1 | Bought a pair of embroidered gloves for 315 gold pieces
 74032 | Vaults:5 | Entered Level 5 of the Vaults
 74438 | Vaults:5 | Identified the +6 plate armour "Rausiug" {rPois rF- rC-
                  | Int+7}
 75004 | Vaults:5 | Learned a level 8 spell: Ignition
 75108 | Vaults:5 | Identified the +1 ring mail of the Echidna {rN+ rCorr Dex-2
                  | SInv}
 75213 | Vaults:5 | Reached skill level 18 in Invocations
 75217 | Vaults:5 | Identified the ring "Misoe" {rPois rF++ AC+4 Slay-4}
 75533 | Vaults:5 | Identified the +2 chain mail "Gocef" {rElec}
 76319 | Vaults:5 | Found Beskanguri's General Store.
 76320 | Vaults:5 | Identified the +2 ring mail of Protective Custody {rF-
                  | Dex+7}
 76327 | Vaults:5 | Bought a scroll of teleportation for 66 gold pieces
 76511 | Vaults:5 | Identified the +7 dire flail of Wioman {vorpal, Dex+3}
 76735 | Vaults:5 | Got a silver rune of Zot
 77223 | Slime:1  | Entered Level 1 of the Pits of Slime
 77427 | Slime:2  | Gained mutation: Potions are less effective at restoring
                  | your health. [a shining eye]
 77428 | Slime:2  | Gained mutation: Your body sometimes deteriorates upon
                  | taking damage. [a shining eye]
 77649 | Slime:5  | Entered Level 5 of the Pits of Slime
 77737 | Slime:5  | Gained mutation: You can translocate small distances at
                  | will. [a shining eye]
 77739 | Slime:5  | Gained mutation: Armour fits poorly on your strangely
                  | shaped body. [a shining eye]
 78033 | Slime:4  | Gained mutation: You tend to lose your temper in combat. [a
                  | shining eye]
 78109 | Slime:5  | Found a viscous altar of Jiyva.
 78132 | Slime:5  | Found the +2 cloak of the Thief {+Fog Slay-2 SInv Stlth+}
 78324 | Slime:5  | Noticed the Royal Jelly
 78382 | Slime:5  | Killed the Royal Jelly
 78749 | Slime:5  | Got a slimy rune of Zot
 78868 | Slime:5  | Identified the +2 long sword "Omorecud" {vamp, +Inv rF+
                  | Dex+3 Stlth+} (You found it on level 5 of the Pits of
                  | Slime)
 78967 | Slime:5  | Identified the +2 storm dragon scales of Heresy {rElec rN+
                  | rCorr} (You found it on level 5 of the Pits of Slime)
 79909 | Zot:1    | Entered Level 1 of the Realm of Zot
 80516 | Depths:5 | Bought a cursed ring of protection from cold for 396 gold
                  | pieces
 80824 | Vaults:3 | Bought the +3 pair of boots of a bailey {*Contam Int+8} for
                  | 603 gold pieces
 80857 | Vaults:3 | Lost mutation: You tend to lose your temper in combat.
                  | [potion of mutation]
 80857 | Vaults:3 | Lost mutation: Potions are less effective at restoring your
                  | health. [potion of mutation]
 80857 | Vaults:3 | Gained mutation: You have an increased reservoir of magic.
                  | (+10% MP) [potion of mutation]
 80857 | Vaults:3 | Gained mutation: You are surrounded by a mild repulsion
                  | field. (EV +2) [potion of mutation]
 80857 | Vaults:3 | Gained mutation: You have a pair of small horns on your
                  | head. [potion of mutation]
 80859 | Vaults:3 | Lost mutation: Your body sometimes deteriorates upon taking
                  | damage. [potion of mutation]
 80859 | Vaults:3 | Lost mutation: You can translocate small distances at will.
                  | [potion of mutation]
 80859 | Vaults:3 | Lost mutation: You have supernaturally acute eyesight.
                  | (SInv) [potion of mutation]
 80859 | Vaults:3 | Gained mutation: Your flesh is heat resistant. (rF+)
                  | [potion of mutation]
 80859 | Vaults:3 | Gained mutation: You are covered in fur. (AC +1) [potion of
                  | mutation]
 82908 | Zot:2    | Reached skill level 15 in Conjurations
 82908 | Zot:2    | Reached skill level 15 in Hexes
 82908 | Zot:2    | Reached skill level 15 in Charms
 82908 | Zot:2    | Reached skill level 15 in Summonings
 82908 | Zot:2    | Reached skill level 15 in Necromancy
 82908 | Zot:2    | Reached skill level 15 in Translocations
 82908 | Zot:2    | Reached skill level 15 in Transmutations
 82908 | Zot:2    | Reached skill level 15 in Fire Magic
 82908 | Zot:2    | Reached skill level 15 in Ice Magic
 82908 | Zot:2    | Reached skill level 15 in Air Magic
 82908 | Zot:2    | Reached skill level 15 in Earth Magic
 82908 | Zot:2    | Reached skill level 15 in Poison Magic
 84167 | Zot:3    | Reached skill level 19 in Invocations
 85083 | Zot:4    | Noticed a juggernaut
 85083 | Zot:4    | a Killer Klown changed into a juggernaut
 85095 | Zot:4    | Killed a juggernaut
 86084 | Zot:5    | Entered Level 5 of the Realm of Zot
 87629 | Zot:5    | Noticed an ancient lich
 87984 | Zot:5    | Identified the +3 leather armour of the Black Moon {MR+
                  | Str+5} (You found it on level 5 of the Pits of Slime)
 87984 | Zot:5    | Identified the +1 scale mail of the Northern Lights {MR+
                  | Int+3} (You found it on level 5 of the Pits of Slime)
 88208 | Zot:5    | Noticed an ancient lich
 88241 | Zot:5    | Killed an ancient lich
 88274 | Zot:5    | Noticed an orb of fire
 88283 | Zot:5    | Gained mutation: You are frail. (-10% HP) [an orb of fire]
 88284 | Zot:5    | Gained mutation: You are dopey. (Int -2) [an orb of fire]
 88286 | Zot:5    | Lost mutation: Armour fits poorly on your strangely shaped
                  | body. [an orb of fire]
 88293 | Zot:5    | Gained mutation: You do not regenerate when monsters are
                  | visible. [an orb of fire]
 88295 | Zot:5    | Gained mutation: Your spells are a little easier to cast,
                  | but a little less powerful. [an orb of fire]
 88302 | Zot:5    | Killed an orb of fire
 88739 | Zot:5    | Cast into level 4 of the Abyss (red draconian knight)
 89174 | Abyss:4  | Paralysed by you for 7 turns
 89390 | Abyss:4  | Got an abyssal rune of Zot
 89409 | Abyss:4  | Paralysed by accursed screaming for 1 turns
 89414 | Zot:5    | Escaped the Abyss
 90051 | Crypt:1  | Entered Level 1 of the Crypt
 90105 | Crypt:1  | Identified the cursed +1 ring mail "Hybaofoj" {+Blink Str+5
                  | Int-3}
 90759 | Zot:5    | Lost mutation: Your flesh is heat resistant. (rF+) [potion
                  | of mutation]
 90759 | Zot:5    | Lost mutation: You are frail. (-10% HP) [potion of
                  | mutation]
 90759 | Zot:5    | Lost mutation: You are dopey. (Int -2) [potion of mutation]
 90759 | Zot:5    | Gained mutation: You have a considerably increased
                  | reservoir of magic. (+20% MP) [potion of mutation]
 90759 | Zot:5    | Lost mutation: You have a considerably increased reservoir
                  | of magic. (+20% MP) [potion of mutation]
 90759 | Zot:5    | Gained mutation: Your flesh is heat resistant. (rF+)
                  | [potion of mutation]
 90820 | Zot:5    | Noticed an ancient lich
 90950 | Zot:5    | Killed an ancient lich
 90975 | Zot:5    | Noticed an orb of fire
 90980 | Zot:5    | Gained mutation: Armour fits poorly on your strangely
                  | shaped body. [an orb of fire]
 90993 | Zot:5    | Killed an orb of fire
 91011 | Zot:5    | Killed an ancient lich
 91130 | Zot:5    | Reached skill level 20 in Invocations
 91391 | Zot:5    | Noticed an orb of fire
 91394 | Zot:5    | Noticed an orb of fire
 91396 | Zot:5    | Noticed an orb of fire
 91399 | Zot:5    | Gained mutation: You are weak. (Str -2) [an orb of fire]
 91402 | Zot:5    | Lost mutation: You have an increased reservoir of magic.
                  | (+10% MP) [an orb of fire]
 91407 | Zot:5    | Gained mutation: You are occasionally teleported next to
                  | monsters. [an orb of fire]
 91408 | Zot:5    | Noticed an orb of fire
 91410 | Zot:5    | Gained mutation: You are dopey. (Int -2) [an orb of fire]
 91419 | Zot:5    | Gained mutation: You tend to lose your temper in combat.
                  | [an orb of fire]
 91425 | Zot:5    | Gained mutation: Scrolls take you a little longer to read.
                  | [an orb of fire]
 91429 | Zot:5    | Got the Orb of Zot
 91436 | Zot:5    | Noticed Vaumnoth the pandemonium lord
 91436 | Zot:5    | Noticed an ancient lich
 91467 | Zot:5    | Gained mutation: You are clumsy. (Dex -2) [an orb of fire]
 91469 | Zot:5    | Killed from afar by an orb of fire

Illustrated notes

Levels and vault maps discovered:
D:1:      shiori_arrival_elements, layout_rooms, serial_forest,
          infiniplex_forest_straight_2, infiniplex_forest_straight_2,
          infiniplex_forest_lined_3_way, infiniplex_forest_lined_3_way,
          infiniplex_forest_end_1, infiniplex_forest_end_2,
          infiniplex_forest_split, infiniplex_forest_end_1,
          infiniplex_forest_clump_C
D:2:      layout_rooms, yredelemnul_altar_generic, uniq_jessica
D:3:      layout_basic, lemuel_crystal_altar, lemuel_crystal_altar,
          minmay_starry_boxes
D:4:      layout_basic, old_standard_altar, minmay_temple_entry_ruins,
          first_ration, hangedman_abyss_or_decor_stabs
D:5:      layout_loops_ring, lemuel_crystal_altar, uniq_ijyb,
          uniq_crazy_yiuf_cottage, uniq_duvessa
D:6:      layout_rooms, lemuel_coloured_pillars_altar, uniq_pikel, uniq_maggie,
          uniq_sigmund
D:7:      minmay_chambers_of_fours, layout_loops_ring, lemuel_crystal_altar,
          minmay_misc_feat_room, chequers_jeans, grunt_ogre_cave
D:8:      layout_basic, lemuel_doored_altar, old_standard_altar, uniq_harold
D:9:      layout_long_grid, overflow_temple_1_default, old_standard_altar,
          lemuel_round_altar, orc_0_dummy, minmay_nine_imps
D:10:     layout_rooms, gammafunk_ghost_hive, serial_shops,
          nicolae_shop_overgrown_old_shop
D:11:     layout_basic, david_lair_generic
D:12:     layout_rooms, kennysheep_generic_room_16
D:13:     layout_loops_corners, david_vaults_1, hangedman_feature_mirror,
          fedhas_altar_2, uniq_maurice, uniq_nessos, uniq_erolcha, uniq_azrael
D:14:     layout_loops_ring, serial_bayou_pond_d, eino_house_with_fridge
D:15:     grunt_enter_depths_snipers, layout_basic, serial_bayou_pond_e,
          serial_corexii_hall, chequers_hall_statues_corner_a,
          corexii_hall_statues_i, corexii_hall_statues_x,
          corexii_hall_statues_u, minmay_statue_crystal_thing
Temple:   compressed_dpeg_circular_temple
Lair:1:   layout_chaotic_city, wad_woods_river_02, lemuel_fruit_tree,
          lemuel_fruit_fields
Lair:2:   layout_roguey [special_room_bee], grunt_forest_small_clearings,
          chequers_serial_rivers_marsh, infiniplex_staircase_pool,
          grunt_megastairs_2, uniq_gastronok
Lair:3:   layout_hall_layers, guppyfry_snake_entry_island, st_stairs_5,
          serial_bayou_shore_a, serial_bayou_shore_b,
          infiniplex_staircase_pool_2
Lair:4:   layout_hall_layers, skrybe_swamp_entry_bodies
Lair:5:   mu_elephants_graveyard, layout_misc_corridors,
          minmay_slime_entry_jelly_boxes
Lair:6:   minmay_lair_end_frog_pond, layout_gridlike, basic_altar, uniq_rupert
Swamp:1:  layout_basic_swamp, nicolae_swamp_orc_logging_accident, uniq_frances
Swamp:2:  layout_falls_marsh, evilmike_swamp_ruin_house_1, uniq_roxanne
Swamp:3:  layout_falls_marsh, evilmike_swamp_ruin_house_6, swamp_pool3
Swamp:4:  swamp_old_school, layout_basic_swamp, uniq_mara
Snake:1:  layout_onion_interference
Snake:2:  layout_honeycomb, uniq_aizul, uniq_jorgrun
Snake:3:  hangedman_cross_stitches, layout_onion, serial_shops, shop,
          nicolae_coiled_stairwell_down
Snake:4:  minmay_snake_end_coiled, layout_cave_town, grunt_ministairs_14
Slime:1:  layout_caves
Slime:2:  layout_caves
Slime:3:  layout_caves
Slime:4:  layout_caves, nicolae_slime_round_cave
Slime:5
Orc:1:    layout_caves, serial_shops, shop, uniq_josephine, uniq_snorg
Orc:2:    grunt_orc_gardens, layout_caves, grunt_orc_garden, grunt_orc_garden,
          grunt_orc_garden, grunt_orc_garden, gammafunk_ghost_arena, trog_book
Elf:1:    minmay_guarded_unrand_folly, layout_gridlike, hangedman_elf_disciples,
          minivault_27, st_stairs_6
Elf:2:    layout_geoelf_diagonals, special_room [special_room_mythical_zoo],
          st_stairs_9, minmay_strange_pillars
Elf:3:    elf_hall_gauntlet_narrow, layout_geoelf_castle
Vaults:1: grunt_vaults_twisty, nicolae_vaults_puzzle_piece, st_more_cells,
          vaults_room_door_ring, vaults_mumra_minichess_inversion,
          nicolae_vaults_disjoint_gnomons, vaults_dpeg_ring,
          hangedman_vaults_nails, ontoclasm_vaults_loading_screen,
          layout_vaults_omnigrid, serial_shops, shop, nicolae_shop_statue_plus,
          shop, shop
Vaults:2: hangedman_vaults_impose, ontoclasm_vaults_loading_screen,
          minmay_crypt_entry_necro_gods, v_pattern_4, vaults_room_fours,
          nicolae_vaults_network_s, st_hourglassy, vaults_room_fours,
          layout_vaults_chaotic_city, serial_shops, nicolae_shop_statue_plus,
          uniq_bai_suzhen, uniq_donald, uniq_mennas, uniq_jory, uniq_margery
Vaults:3: v_misc_12, v_misc_33, st_octagons_2, hangedman_vaults_impose,
          nicolae_vaults_stairing_the_circle, nicolae_vaults_yaktaur_gun_rack,
          nicolae_vaults_sealed_display, hangedman_vaults_snaps,
          hangedman_vaults_stretched_pinwheel, layout_vaults_maze_bifur,
          portal_desolation_entry_holy_temple, serial_shops,
          nicolae_shop_crystal, nicolae_shop_trees, shop_fountains, shop
Vaults:4: vaults_mumra_chevron_long, grunt_tower_of_power,
          nicolae_vaults_inception_statues, nicolae_vaults_little_squares_5,
          nicolae_vaults_network_star, v_rooms_4, vaults_dpeg_hooks,
          vaults_room_boxed, v_misc_30, v_misc_12, layout_vaults_omnicross
Vaults:5
Crypt:1:  layout_misc_corridors, hangedman_feature_mirror,
          nicolae_crypt_fedhas_prevails, minmay_misc_feat_cross, st_stairs_3,
          grunt_ministairs_14, grunt_megastairs_1, grunt_crypt_arrival_split
Depths:1: layout_long_grid, hangedman_decor_opposing, lightli_too_deep, tgw_xom
Depths:2: lemuel_flame_loot_2, layout_basic, enter_ziggurat_b,
          pf_vacation_house_of_asmodeus, rand_demon_pan_entry_4,
          kennysheep_potato, infiniplex_staircase_zigzag_1, minmay_shop_grove
Depths:3: kennysheep_gozag_temple, layout_basic, serial_shops, shop,
          biasface_ghost_demon_polymorph, dk_noncrumbling_2,
          grunt_pan_entry_in_and_out, pf_hell_entry_tar_river
Depths:4: gammafunk_jiyva_shrine, layout_basic, hell_entry,
          hangedman_abyss_entry_splay, infiniplex_staircase_pool_lava,
          grunt_megastairs_3
Depths:5: grunt_zot_entry_bicorn, layout_honeycomb,
          chequers_serial_rivers_small_a, hell_entry, serial_shops,
          nicolae_shop_crystal, serial_bayou_shore_b
Zot:1:    layout_cathedral_of_symmetry, st_stairs_7
Zot:2:    layout_cellular_growth
Zot:3:    layout_misc_corridors
Zot:4:    grunt_zot_stairs_faceoff, layout_misc_corridors
Zot:5:    layout_onion

Skill      XL: |  1  2  3  4  5  6  7  8  9 10 11 12 13 14 15 16 17 18 19 20 21 22 23 24 25 26 27 |
---------------+----------------------------------------------------------------------------------+-----
Invocations    | 1 2 3 4 5 6 7 8 9 10 11 12 13 14 15 16 17 20 | 20.1
Short Blades   | 1 2 3 4 5 6 7 8 9 10 11 12 13 14 15 16 18 | 18.7
Long Blades    | 1 2 3 4 5 6 7 8 9 10 11 12 13 14 15 16 18 | 18.7
Maces & Flails | 1 2 3 4 5 6 7 8 9 10 11 12 13 14 15 16 18 | 18.7
Polearms       | 1 2 3 4 5 6 7 8 9 10 11 12 13 14 15 16 18 | 18.7
Staves         | 1 2 3 4 5 6 7 8 9 10 11 12 13 14 15 16 18 | 18.7
Slings         | 1 2 3 4 5 6 7 8 9 10 11 12 13 14 15 16 18 | 18.7
Bows           | 1 2 3 4 5 6 7 8 9 10 11 12 13 14 15 16 18 | 18.7
Crossbows      | 1 2 3 4 5 6 7 8 9 10 11 12 13 14 15 16 18 | 18.7
Armour         | 1 2 3 4 5 6 7 8 9 10 11 12 13 14 15 16 18 | 18.7
Stealth        | 1 2 3 4 5 6 7 8 9 10 11 12 13 14 15 16 18 | 18.7
Shields        | 1 2 3 4 5 6 7 8 9 10 11 12 13 14 15 16 18 | 18.7
Unarmed Combat | 1 2 3 4 5 6 7 8 9 10 11 12 13 14 15 16 18 | 18.7
Spellcasting   | 1 2 3 4 5 6 7 8 9 10 11 12 13 14 15 16 18 | 18.7
Evocations     | 1 2 3 4 5 6 7 8 9 10 11 12 13 14 15 16 18 | 18.7
Conjurations   | 1 2 3 4 5 6 7 8 9 10 11 12 13 16 | 16.1
Hexes          | 1 2 3 4 5 6 7 8 9 10 11 12 13 16 | 16.1
Charms         | 1 2 3 4 5 6 7 8 9 10 11 12 13 16 | 16.1
Summonings     | 1 2 3 4 5 6 7 8 9 10 11 12 13 16 | 16.1
Necromancy     | 1 2 3 4 5 6 7 8 9 10 11 12 13 16 | 16.1
Translocations | 1 2 3 4 5 6 7 8 9 10 11 12 13 16 | 16.1
Transmutations | 1 2 3 4 5 6 7 8 9 10 11 12 13 16 | 16.1
Fire Magic     | 1 2 3 4 5 6 7 8 9 10 11 12 13 16 | 16.1
Ice Magic      | 1 2 3 4 5 6 7 8 9 10 11 12 13 16 | 16.1
Air Magic      | 1 2 3 4 5 6 7 8 9 10 11 12 13 16 | 16.1
Earth Magic    | 1 2 3 4 5 6 7 8 9 10 11 12 13 16 | 16.1
Poison Magic   | 1 2 3 4 5 6 7 8 9 10 11 12 13 16 | 16.1
Fighting       | 5 6 7 8 9 10 11 12 13 14 15 16 19 | 19.1
Throwing       | 5 6 7 8 9 10 11 12 13 14 15 16 19 | 19.1
Axes           | 7 8 9 10 11 12 13 14 15 16 17 19 | 19.4
Dodging        | 7 8 9 10 11 12 13 14 15 16 17 19 | 19.4

Action                   |  1- 3 |  4- 6 |  7- 9 | 10-12 | 13-15 | 16-18 | 19-21 | 22-24 | 25-27 || total
-------------------------+-------+-------+-------+-------+-------+-------+-------+-------+-------++-------
Melee: War axe           |    40 |   211 |   415 |   300 |       |       |       |       |       ||   966
       Bite              |     3 |    19 |    48 |   135 |   305 |   275 |   342 |   223 |   983 ||  2333
       Punch             |       |     2 |     2 |    25 |    27 |       |       |       |     5 ||    61
       Scimitar          |       |       |       |   528 |  1560 |  1447 |  1544 |   563 |       ||  5642
       Dagger            |       |       |       |       |    30 |     1 |       |       |       ||    31
       Double sword      |       |       |       |       |       |       |       |   396 |  3738 ||  4134
       Headbutt          |       |       |       |       |       |       |       |       |   442 ||   442
       Eudemon blade     |       |       |       |       |       |       |       |       |   350 ||   350
 Fire: Hunting sling     |       |       |    30 |       |       |       |       |       |       ||    30
       Hand crossbow     |       |       |       |     4 |     2 |     6 |       |       |       ||    12
Throw: Stone             |       |     4 |       |       |       |       |       |       |       ||     4
       Dart              |       |       |     4 |    34 |    92 |    40 |       |       |       ||   170
 Cast: Spectral Weapon   |       |       |       |       |    19 |    32 |       |       |       ||    51
       Blink             |       |       |       |       |     3 |     2 |       |       |    13 ||    18
       Petrify           |       |       |       |       |       |    54 |       |     4 |       ||    58
       Statue Form       |       |       |       |       |       |    17 |    34 |     6 |    61 ||   118
       Silence           |       |       |       |       |       |     2 |     3 |    10 |    10 ||    25
       Summon Butterflie |       |       |       |       |       |     1 |       |       |       ||     1
       Iron Shot         |       |       |       |       |       |     3 |       |       |     8 ||    11
       Frozen Ramparts   |       |       |       |       |       |    27 |    65 |    17 |    81 ||   190
       Passwall          |       |       |       |       |       |       |     2 |       |     3 ||     5
       Summon Mana Viper |       |       |       |       |       |       |       |     5 |       ||     5
       Ignition          |       |       |       |       |       |       |       |       |    14 ||    14
Invok: Curse Item        |       |     1 |       |     2 |     1 |       |     3 |     1 |     7 ||    15
 Abil: Evoke Fog         |       |       |       |       |       |       |       |       |     7 ||     7
Evoke: Wand              |       |       |       |    10 |     5 |     7 |     4 |       |     6 ||    32
       Phantom mirror    |       |       |       |       |       |     1 |       |       |     3 ||     4
  Use: Scroll            |       |     4 |     3 |    10 |    14 |    12 |     2 |     8 |    29 ||    82
       Potion            |       |       |       |       |       |     6 |     1 |     2 |    18 ||    27
 Stab: Sleeping          |     3 |       |       |       |     3 |    25 |    22 |    20 |    48 ||   121
       Distracted        |       |       |       |       |     3 |     5 |    10 |     2 |    11 ||    31
       Petrified         |       |       |       |       |       |    95 |       |       |       ||    95
       Petrifying        |       |       |       |       |       |    11 |       |       |       ||    11
       Paralysed         |       |       |       |       |       |     2 |       |       |       ||     2
  Eat: Chunk             |       |     7 |    12 |    31 |    36 |    16 |    22 |    16 |    19 ||   159
       Ration            |       |       |       |     2 |     6 |    15 |     8 |     4 |    28 ||    63
Armor: Leather armour    |     4 |       |       |       |       |       |       |       |       ||     4
       Robe              |     5 |    15 |       |       |       |       |       |       |       ||    20
       Chain mail        |       |    59 |   138 |   334 |   522 |    94 |       |       |       ||  1147
       Ring mail         |       |       |       |       |       |   184 |    50 |       |       ||   234
       Skin              |       |       |       |       |       |   129 |   172 |    26 |   355 ||   682
       Fire dragon scale |       |       |       |       |       |       |    65 |   126 |   424 ||   615
       Ice dragon scales |       |       |       |       |       |       |       |       |    55 ||    55
       Storm dragon scal |       |       |       |       |       |       |       |       |     2 ||     2
Dodge: Dodged            |    31 |   107 |   204 |   550 |   908 |  1058 |   933 |   410 |  2607 ||  6808
Block: Other             |       |    41 |    76 |   202 |   125 |       |       |       |       ||   444
       Reflection        |       |     1 |       |     3 |    25 |    47 |   100 |    42 |   134 ||   352
       Buckler           |       |       |       |       |   664 |   865 |   217 |       |       ||  1746
       Kite shield       |       |       |       |       |       |       |  1198 |   749 |  2493 ||  4440
       Tower shield      |       |       |       |       |       |       |       |       |  1872 ||  1872
       Rpst.: Scimitar   |       |       |       |   108 |   226 |   228 |   157 |    37 |       ||   756
       Double sword      |       |       |       |       |       |       |       |    30 |   383 ||   413
       Eudemon blade     |       |       |       |       |       |       |       |       |    36 ||    36
